[ AOE2 MATCH · #503573238 ]
UnrankedMaya vs Bohemians
[ REPLAY ANALYSIS · EXTRACTED FROM THE RECORDED GAME ]
Feudal
—
Castle
—
Imperial
—
| APM avg | 0.7 |
| APM peak | 4 |
| eAPM avg | 0.7 |
| Villagers / military | 0 / 0 |
Focus
⚔️ 0.0% · 🌾 100.0%
Feudal
—
Castle
—
Imperial
—
| APM avg | 42.9 |
| APM peak | 60 |
| eAPM avg | 12.5 |
| Villagers / military | 21 / 0 |
Focus
⚔️ 17.7% · 🌾 82.3%
Feudal
—
Castle
—
Imperial
—
| APM avg | 63.5 |
| APM peak | 77 |
| eAPM avg | 18.7 |
| Villagers / military | 21 / 0 |
Focus
⚔️ 5.6% · 🌾 94.4%
Feudal
—
Castle
—
Imperial
—
| APM avg | 46.4 |
| APM peak | 64 |
| eAPM avg | 17.4 |
| Villagers / military | 25 / 0 |
Focus
⚔️ 42.0% · 🌾 58.0%
Feudal
—
Castle
—
Imperial
—
| APM avg | 58.7 |
| APM peak | 72 |
| eAPM avg | 14.5 |
| Villagers / military | 20 / 0 |
Focus
⚔️ 11.1% · 🌾 88.9%
Feudal
—
Castle
—
Imperial
—
| APM avg | 51.5 |
| APM peak | 69 |
| eAPM avg | 12.2 |
| Villagers / military | 28 / 0 |
Focus
⚔️ 10.7% · 🌾 89.3%
Feudal
—
Castle
—
Imperial
—
| APM avg | 54.0 |
| APM peak | 73 |
| eAPM avg | 22.0 |
| Villagers / military | 19 / 0 |
Focus
⚔️ 40.6% · 🌾 59.4%
Feudal
—
Castle
—
Imperial
—
| APM avg | 42.1 |
| APM peak | 55 |
| eAPM avg | 11.5 |
| Villagers / military | 20 / 0 |
Focus
⚔️ 20.5% · 🌾 79.5%
Match map
Initial resources + every placement click. Lines = walls · curves = elevation contours. ◆ gold · ⬟ stone · ● berries · ✦ relic · ◌ wall gap
Your base
noselaw's base
Whop's base
馬上贏's base
keensy's base
pokka86's base
SlyFever's base
A2PL Okr010's base
Smoothed initial terrain · ◌ = detected wall gap · hover for details
Inputs per minute
— BeefBro - - noselaw
Build order — BeefBro
0 actions detected in the replay
Build order — noselaw
24 actions detected in the replay
| 0:02 | Queue | Villager (Male) ×4 |
| 0:04 | Build | House |
| 0:07 | Build | House |
| 1:28 | Queue | Villager (Male) |
| 1:51 | Queue | Villager (Male) |
| 1:51 | Queue | Villager (Male) |
| 1:55 | Build | Lumber Camp |
| 2:28 | Queue | Villager (Male) |
| 2:58 | Queue | Villager (Male) |
| 2:58 | Queue | Villager (Male) |
| 2:58 | Queue | Villager (Male) |
| 3:29 | Build | House |
| 3:41 | Queue | Villager (Male) |
| 4:04 | Queue | Villager (Male) |
| 4:37 | Queue | Villager (Male) |
| 4:37 | Queue | Villager (Male) |
| 5:07 | Queue | Villager (Male) |
| 5:42 | Build | House |
| 5:46 | Queue | Villager (Male) |
| 5:46 | Queue | Villager (Male) |
| 6:18 | Build | Mill |
| 6:26 | Queue | Villager (Male) |
| 6:27 | Queue | Villager (Male) |
| 6:47 | Queue | Villager (Male) |
Build order — Whop
28 actions detected in the replay
| 0:01 | Queue | Villager (Male) |
| 0:01 | Queue | Villager (Male) |
| 0:01 | Queue | Villager (Male) |
| 0:02 | Queue | Villager (Male) |
| 0:02 | Build | House |
| 0:03 | Build | House |
| 1:40 | Queue | Villager (Male) |
| 1:49 | Build | Lumber Camp |
| 1:51 | Queue | Villager (Male) |
| 1:51 | Queue | Villager (Male) |
| 2:33 | Queue | Villager (Male) |
| 2:56 | Queue | Villager (Male) |
| 2:57 | Queue | Villager (Male) |
| 3:20 | Queue | Villager (Male) |
| 3:20 | Queue | Villager (Male) |
| 3:29 | Build | House |
| 3:29 | Build | House |
| 3:48 | Queue | Villager (Male) |
| 3:49 | Queue | Villager (Male) |
| 4:07 | Queue | Villager (Male) |
| 4:08 | Queue | Villager (Male) |
| 4:30 | Build | Mill |
| 4:54 | Queue | Villager (Male) |
| 5:12 | Queue | Villager (Male) |
| 5:12 | Queue | Villager (Male) |
| 5:12 | Queue | Villager (Male) |
| 5:56 | Queue | Villager (Male) |
| 6:24 | Research | Loom |
Build order — 馬上贏
31 actions detected in the replay
| 0:01 | Queue | Villager (Male) |
| 0:01 | Queue | Villager (Male) |
| 0:03 | Build | House |
| 0:04 | Build | House |
| 0:08 | Queue | Villager (Male) |
| 0:08 | Queue | Villager (Male) |
| 0:09 | Queue | Villager (Male) |
| 1:28 | Queue | Villager (Male) |
| 1:28 | Queue | Villager (Male) |
| 1:57 | Queue | Villager (Male) |
| 1:57 | Queue | Villager (Male) |
| 2:27 | Queue | Villager (Male) |
| 2:27 | Queue | Villager (Male) |
| 2:46 | Queue | Villager (Male) |
| 2:46 | Queue | Villager (Male) |
| 3:05 | Build | Lumber Camp |
| 3:12 | Queue | Villager (Male) |
| 3:36 | Queue | Villager (Male) |
| 3:36 | Queue | Villager (Male) |
| 3:37 | Queue | Villager (Male) |
| 3:44 | Build | House |
| 3:55 | Queue | Villager (Male) |
| 4:14 | Queue | Villager (Male) |
| 4:14 | Queue | Villager (Male) |
| 4:14 | Queue | Villager (Male) |
| 5:18 | Queue | Villager (Male) |
| 5:19 | Queue | Villager (Male) |
| 5:43 | Queue | Villager (Male) |
| 5:43 | Queue | Villager (Male) |
| 5:59 | Build | House |
| 6:05 | Build | Mill |
Build order — keensy
27 actions detected in the replay
| 0:01 | Queue | Villager (Male) |
| 0:03 | Build | House |
| 0:04 | Build | House |
| 0:16 | Queue | Villager (Male) |
| 0:17 | Queue | Villager (Male) |
| 0:17 | Queue | Villager (Male) |
| 0:17 | Queue | Villager (Male) |
| 1:25 | Queue | Villager (Male) |
| 1:50 | Queue | Villager (Male) |
| 2:18 | Build | Lumber Camp |
| 2:20 | Queue | Villager (Male) |
| 2:32 | Queue | Villager (Male) |
| 3:02 | Build | House |
| 3:11 | Queue | Villager (Male) |
| 3:37 | Queue | Villager (Male) |
| 4:02 | Queue | Villager (Male) |
| 4:03 | Queue | Villager (Male) |
| 4:37 | Queue | Villager (Male) |
| 4:37 | Queue | Villager (Male) |
| 4:38 | Queue | Villager (Male) |
| 4:38 | Queue | Villager (Male) |
| 5:06 | Build | Mill |
| 5:16 | Queue | Villager (Male) |
| 5:53 | Queue | Villager (Male) |
| 6:11 | Build | House |
| 6:29 | Build | Mining Camp |
| 6:34 | Queue | Villager (Male) |
Build order — pokka86
35 actions detected in the replay
| 0:01 | Queue | Villager (Male) |
| 0:01 | Queue | Villager (Male) |
| 0:01 | Queue | Villager (Male) |
| 0:01 | Queue | Villager (Male) |
| 0:03 | Build | House |
| 0:04 | Build | House |
| 1:41 | Queue | Villager (Male) |
| 1:47 | Build | Lumber Camp |
| 1:54 | Queue | Villager (Male) |
| 2:26 | Queue | Villager (Male) |
| 2:26 | Queue | Villager (Male) |
| 2:42 | Queue | Villager (Male) |
| 3:17 | Queue | Villager (Male) |
| 3:51 | Build | House |
| 3:53 | Queue | Villager (Male) |
| 3:54 | Queue | Villager (Male) |
| 4:09 | Queue | Villager (Male) |
| 4:09 | Queue | Villager (Male) |
| 4:19 | Queue | Villager (Male) |
| 4:19 | Queue | Villager (Male) |
| 4:21 | Build | Mill |
| 4:30 | Build | House |
| 4:32 | Build | House |
| 4:37 | Queue | Villager (Male) |
| 4:37 | Queue | Villager (Male) |
| 5:18 | Queue | Villager (Male) |
| 5:18 | Queue | Villager (Male) |
| 5:19 | Queue | Villager (Male) |
| 5:45 | Queue | Villager (Male) |
| 5:45 | Queue | Villager (Male) |
| 6:02 | Queue | Villager (Male) |
| 6:02 | Queue | Villager (Male) |
| 6:02 | Queue | Villager (Male) |
| 6:19 | Queue | Villager (Male) |
| 6:19 | Queue | Villager (Male) |
Build order — SlyFever
27 actions detected in the replay
| 0:04 | Build | House |
| 0:07 | Queue | Villager (Male) |
| 0:07 | Queue | Villager (Male) |
| 0:07 | Queue | Villager (Male) |
| 0:08 | Queue | Villager (Male) |
| 0:31 | Build | House |
| 1:11 | Build | House |
| 1:39 | Research | Loom |
| 1:45 | Queue | Villager (Male) |
| 1:52 | Build | Settlement |
| 2:20 | Queue | Villager (Male) |
| 2:41 | Queue | Villager (Male) |
| 2:41 | Queue | Villager (Male) |
| 3:06 | Queue | Villager (Male) |
| 3:06 | Queue | Villager (Male) |
| 3:34 | Build | House |
| 3:48 | Queue | Villager (Male) |
| 3:51 | Queue | Villager (Male) |
| 3:51 | Queue | Villager (Male) |
| 4:12 | Queue | Villager (Male) |
| 4:46 | Queue | Villager (Male) |
| 4:49 | Build | Settlement |
| 5:28 | Queue | Villager (Male) |
| 5:29 | Queue | Villager (Male) |
| 5:53 | Research | Loom |
| 5:56 | Queue | Villager (Male) |
| 6:46 | Queue | Villager (Male) |
Build order — A2PL Okr010
27 actions detected in the replay
| 0:01 | Queue | Villager (Male) |
| 0:02 | Queue | Villager (Male) |
| 0:02 | Queue | Villager (Male) |
| 0:03 | Build | House |
| 0:05 | Build | House |
| 0:10 | Queue | Villager (Male) |
| 0:10 | Queue | Villager (Male) |
| 1:24 | Queue | Villager (Male) |
| 1:49 | Queue | Villager (Male) |
| 2:26 | Queue | Villager (Male) |
| 2:54 | Queue | Villager (Male) |
| 3:01 | Build | Lumber Camp |
| 3:15 | Queue | Villager (Male) |
| 3:16 | Queue | Villager (Male) |
| 3:41 | Build | House |
| 3:51 | Queue | Villager (Male) |
| 4:07 | Build | House |
| 4:11 | Queue | Villager (Male) |
| 4:11 | Queue | Villager (Male) |
| 4:14 | Build | House |
| 4:54 | Queue | Villager (Male) |
| 4:55 | Queue | Villager (Male) |
| 4:55 | Queue | Villager (Male) |
| 5:54 | Queue | Villager (Male) |
| 6:10 | Queue | Villager (Male) |
| 6:14 | Build | Mill |
| 6:24 | Queue | Villager (Male) |
Match timeline
| 6:37 | BeefBro · resign |
[ AI ANALYSIS · 1 CREDIT ]
What really happened in this match?
Wolo.gg analyzes every decision: build order, eco, micro, common mistakes by bracket. Personalized analysis on WhatsApp or Discord in 30 seconds.
Civ guide
Maya
Perfil
Jugador #6131444